 Dungeon Sprint DCSS version 0.31-a0-1616-gbeaec30b81 (webtiles) character file.

Game seed: 12746474156962597337

13 fozzywoppz the Cudgeller (level 2, 0/24 HPs)
             Began as a Demonspawn Gladiator on Jan 11, 2024.
             Slain by an ufetubus (1 damage)
             ... in the Dungeon (Sprint IX: "|||||||||||||||||||||||||||||").
             The game lasted 00:00:33 (51 turns).

fozzywoppz the Cudgeller (Demonspawn Gladiator)       Turns: 51, Time: 00:00:34

Health: 0/24       AC:  4    Str: 14    XL:     2   Next: 24%
Magic:  2/2        EV: 12    Int:  8    God:
Gold:   0          SH:  0    Dex: 14    Spells: 1/1 levels left

rFire   . . .        a - +0 flail
rCold   . . .        (no shield)
rNeg    . . .        b - +0 leather armour
rPois   .            c - +0 helmet
rElec   .            (no cloak)
rCorr   .            (no gloves)
SInv    .            (no boots)
Will    .....        (no amulet)
Stlth   +            (no ring)
HPRegen 0.24/turn    (no ring)
MPRegen 0.08/turn

%: no teleportation
@: lethally poisoned (0 -> -10)
A: claws 1
a: no special abilities


You were in the Dungeon.
You visited 1 branch

Inventory:

Hand Weapons
 a - a +0 flail (weapon)
Missiles
 d - a throwing net (quivered)
 e - a javelin
Armour
 b - a +0 leather armour (worn)
 c - a +0 helmet (worn)
Scrolls
 k - a scroll of blinking
Potions
 f - a potion of curing
 g - a potion of heal wounds
 h - a potion of haste
 i - 2 potions of magic
 j - a potion of berserk rage


   Skills:
 + Level 3.0 Fighting
 + Level 3.4 Maces & Flails
 + Level 2.7 Throwing
 + Level 3.4 Dodging


You had one spell level left.
You didn't know any spells.
Your spell library was empty.

Dungeon Overview and Level Annotations

Branches:
Dungeon (1/1)

Altars:


Innate Abilities, Weirdness & Mutations

You have sharp fingernails.


Message History

The shadow imp is lightly wounded.
The shadow imp puffs mist at you.
The shadow imp hits you but does no damage.
You hit the shadow imp.
The shadow imp is heavily wounded.
The shadow imp gestures at you. Pain shoots through your body!
You closely miss the shadow imp.
The shadow imp is heavily wounded.
The shadow imp closely misses you. x2
You thump the shadow imp!
You kill the shadow imp!
The ufetubus hits you. x2
Your Fighting skill increases to level 3!
You have reached level 2!
Your demonic ancestry asserts itself...
Your fingernails lengthen.
You miss the ufetubus. The ufetubus barely misses you.
The ufetubus closely misses you. The ufetubus slips past you!
The ufetubus barely misses you. x2
You barely miss the scorpion.
The ufetubus hits you but does no damage.
The ufetubus closely misses you. The scorpion stings you.
The ufetubus hits you but does no damage.
The ufetubus misses you.
You hit the ufetubus but do no damage. The scorpion barely misses you.
The ufetubus hits you.
* * * LOW HITPOINT WARNING * * *
The ufetubus hits you but does no damage.
The scorpion closely misses you. The ufetubus barely misses you.
The ufetubus hits you.
* * * LOW HITPOINT WARNING * * *
You closely miss the scorpion. The ufetubus barely misses you.
The ufetubus hits you.
* * * LOW HITPOINT WARNING * * *
The scorpion stings you.
* * * LOW HITPOINT WARNING * * *
You are lethally poisoned!
The scorpion poisons you! The ufetubus hits you.
You die...

▓.▓
▓.▓
▓†▓
▓†▓
▓.▓
▓.▓
▓.▓
▓5▓
▓@▓
▓s▓
▓l▓
▓g▓
▓.▓
▓.▓
▓+▓


You could see a gnoll sergeant, a scorpion, an iguana and an ufetubus.

Vanquished Creatures
  A shadow imp (D)
  A giant cockroach (D)
  A quokka (D)
  A bat (D)
  2 frilled lizards (D)
6 creatures vanquished.

Notes
Turn   | Place    | Note
-------+----------+-------------------------------------------
     0 | D        | fozzywoppz the Demonspawn Gladiator began the quest for the
                  | Orb.
     0 | D        | Reached XP level 1. HP: 16/16 MP: 1/1
    36 | D        | Noticed a scorpion
    36 | D        | Noticed an iguana
    36 | D        | Noticed a gnoll sergeant
    48 | D        | Gained mutation: You have sharp fingernails. [demonic
                  | ancestry]
    48 | D        | Reached XP level 2. HP: 12/24 MP: 2/2
    51 | D        | HP: 1/24 [scorpion (2)]
    51 | D        | Slain by an ufetubus

Illustrated notes

Levels and vault maps discovered:
D:        linesprint [early_d, line_temple, items_1, d_10, items_2, lair_1,
          lair_end, items_3, orc_1, orc_end, items_4, d_15, swamp_1, shoals_1,
          snake_1, spider_1, d_20, vaults_1, items_5, swamp_end, shoals_end,
          snake_end, spider_end, vaults_end, d_27, items_6, zot_1, zot_end,
          crypt_end, forest_end, elf_end, slime_end, tomb_end, abyss_end,
          pan_hell_end]

Skill      XL: |  1 |
---------------+----+-----
Throwing       | 2 |  2.7
Maces & Flails | 3 |  3.4
Dodging        | 3 |  3.4
Fighting       | 3 |  3.0

Action                     || total
---------------------------++-------
  Melee: Flail             ||    26
  Throw: Throwing net      ||     2
 Armour: Leather armour    ||    21
  Dodge: Dodged            ||    22

Table legend: (Time is in decaauts)
 A = Elapsed time spent in this place.
 B = Non-inter-level travel time spent in this place.
 C = Inter-level travel time spent in this place.
 D = Time resting spent in this place.
 E = Time spent auto-exploring this place.
 F = Levels seen in this place.
 G = Mean time per level.
                   A        B        C        D        E       F      G
               +--------+--------+--------+--------+--------+-----+--------+
         Total |     57 |     57 |      0 |     12 |      0 |   1 |   57.0 |
       Dungeon |     57 |     57 |      0 |     12 |      0 |   1 |   57.0 |
               +--------+--------+--------+--------+--------+-----+--------+

Top non-repeatable levels by time:
       D: 57 daAuts
